 Dungeon Crawl Stone Soup version 0.20.0-10-g0535bb4 (webtiles) character file.

93 MTVSty1e the Chopper (level 4, -12/41 HPs)
             Began as a Draconian Monk on June 3, 2017.
             Mangled by asdasd2's ghost (13 damage)
             ... on level 4 of the Dungeon.
             The game lasted 00:03:13 (2669 turns).

MTVSty1e the Chopper (Draconian Monk)               Turns: 2669, Time: 00:03:14

Health: -12/41     AC:  5    Str: 15    XL:     4   Next: 36%
Magic:  3/3        EV: 12    Int: 10    God:
Gold:   116        SH:  0    Dex: 11    Spells: 3/3 levels left

rFire    . . .     SeeInvis .   a - +1 hand axe
rCold    . . .     Gourm    .   (no shield)
rNeg     . . .     Faith    .   (armour unavailable)
rPois    .         Spirit   .   (helmet restricted)
rElec    .         Reflect  .   (no cloak)
rCorr    .         Harm     .   (no gloves)
MR       +....                  (no boots)
Stlth    +.........             (no amulet)
Regen    0.2/turn               l - ring of loudness (curse)
MPRegen  0.1/turn               (no ring)

@: no status effects
A: unfitting armour, clumsy 1, low mp 1, magic resistance 1, cold-blooded, AC +5
a: no special abilities


You were on level 4 of the Dungeon.
You were not hungry.

You visited 1 branch of the dungeon, and saw 4 of its levels.

You collected 116 gold pieces.

Inventory:

Hand Weapons
 a - a +1 hand axe (weapon)
Jewellery
 l - a cursed ring of loudness (left hand)
Scrolls
 c - 2 scrolls of teleportation
 d - a scroll of blinking
 g - a scroll of recharging
Potions
 j - a potion of brilliance
Comestibles
 b - a bread ration
 h - a royal jelly


   Skills:
 + Level 4.4 Fighting
 * Level 4.4 Axes
 - Level 2.6 Dodging
 - Level 1.7 Stealth


You had 3 spell levels left.
You didn't know any spells.

Dungeon Overview and Level Annotations

Branches:
Dungeon (4/15)
 Temple: D:4-7

Altars:
Trog
Xom
Zin

Annotations:
D:4 asdasd2's ghost, amateur OgFi


Innate Abilities, Weirdness & Mutations

Your plain brown scales are hard. (AC +5)
You cannot fit into any form of body armour.
You are cold-blooded and may be slowed by cold attacks.
You are clumsy. (Dex -2)
Your magical capacity is low. (-10% MP)
You are resistant to hostile enchantments. (MR+)


Message History

Asdasd2's ghost hits you but does no damage.
You hit asdasd2's ghost.
Asdasd2's ghost is heavily damaged.
You feel less wooden. Asdasd2's ghost hits you!
* * * LOW HITPOINT WARNING * * *
You hit asdasd2's ghost.
Your tail-slap misses asdasd2's ghost.
Asdasd2's ghost is severely damaged.
Asdasd2's ghost misses you.
You hit asdasd2's ghost but do no damage.
Asdasd2's ghost is severely damaged.
Asdasd2's ghost hits you.
* * * LOW HITPOINT WARNING * * *
You hit asdasd2's ghost.
Asdasd2's ghost is severely damaged.
Asdasd2's ghost closely misses you.
You hit asdasd2's ghost.
Asdasd2's ghost is severely damaged.
Asdasd2's ghost hits you!
You die...

.... #... .. ##..#
.... ##...#
.....####....#
..#..........##
..............#####.
............@W......
............#......
#.......### ..###
##....### .# ##..##
# #<## #..# .....
#.......


You could see asdasd2's ghost.

Vanquished Creatures
  3 adders
  An ooze (D:1)
  A worm (D:1)
  4 dart slugs
  2 orcs (D:3)
  A ball python (D:1)
  4 bats (D:3)
  5 goblins
  9 hobgoblins
  4 kobolds
  3 quokkas
  5 frilled lizards
  6 rats
48 creatures vanquished.

Notes
Turn   | Place    | Note
-------+----------+-------------------------------------------
     0 | D:1      | MTVSty1e the Draconian Monk began the quest for the Orb.
     0 | D:1      | Reached XP level 1. HP: 19/19 MP: 1/1
   496 | D:1      | Reached XP level 2. HP: 24/26 MP: 2/2
  1212 | D:2      | Reached XP level 3. HP: 17/33 MP: 3/3
  1764 | D:2      | Found a bloodstained altar of Trog.
  2170 | D:3      | Reached XP level 4. HP: 40/41 MP: 4/4
  2225 | D:3      | Found a glowing silver altar of Zin.
  2227 | D:3      | Noticed an angel
  2230 | D:3      | Found a shimmering altar of Xom.
  2632 | D:4      | Noticed asdasd2's ghost (amateur OgFi)
  2653 | D:4      | Gained mutation: Your magical capacity is low. (-10% MP) [potion of mutation]
  2653 | D:4      | Gained mutation: You are clumsy. (Dex -2) [potion of mutation]
  2653 | D:4      | Gained mutation: You are resistant to hostile enchantments. (MR+) [potion of mutation]
  2667 | D:4      | HP: 1/41 [asdasd2's ghost (4)]
  2669 | D:4      | Mangled by asdasd2's ghost

Skill      XL: |  1  2  3 |
---------------+----------+-----
Fighting       | 4 |  4.4
Axes           | 4 |  4.4
Dodging        | |  2.6
Stealth        | |  1.7

Action                   |  1- 3 |  4- 6 || total
-------------------------+-------+-------++-------
Melee: Hand axe          |   112 |    65 ||   177
       Tailslap          |    11 |     3 ||    14
  Use: Scroll            |     6 |       ||     6
       Potion            |       |     3 ||     3
 Stab: Sleeping          |     3 |       ||     3
  Eat: Chunk             |     2 |       ||     2
       Meat ration       |     1 |       ||     1
Armor: Skin              |    24 |    31 ||    55
Dodge: Dodged            |    95 |    26 ||   121
